 Dungeon Sprint DCSS version 0.18.1-48-g4cf74bf (webtiles) character file.

4958 loralnil the Unseen (level 10, 0/49 HPs)
             Began as a Spriggan Enchanter on Sept 12, 2016.
             Was the Champion of Makhleb.
             Slain by a killer bee (5 damage)
             ... in the Dungeon (Sprint III: "The Ten Rune Challenge").
             The game lasted 00:10:54 (1642 turns).

loralnil the Unseen (Spriggan Enchanter)            Turns: 1642, Time: 00:10:55

Health: 0/49       AC:  5    Str:  5    XL:     10   Next: 28%
Magic:  19/27      EV: 28    Int: 16    God:    Makhleb [******]
Gold:   21         SH:  0    Dex: 20    Spells: 7 memorised, 19 levels left

rFire  . . .     SeeInvis +     w - +3 dagger (elec)
rCold  . . .     Gourm    .     x - +2 robe {MR+}
rNeg   . . .     Faith    .     (shield restricted)
rPois  .         Spirit   .     (helmet restricted)
rElec  .         Dismiss  .     n - +0 cloak
rCorr  .         Reflect  .     (gloves unavailable)
SustAt .         Harm     .     (boots unavailable)
MR     ++...     NoTele   +     (no amulet)
Stlth  +++++++++.               (no ring)
                                (no ring)

@: lethally poisoned (0 -> -3), very quick, very resistant to hostile
enchantments, incredibly stealthy
A: unfitting armour, see invisible, herbivore 3, speed 3, slow metabolism 2
a: Minor Destruction, Lesser Servant of Makhleb, Major Destruction, Greater
Servant of Makhleb, Renounce Religion


You were in the Dungeon.
You worshipped Makhleb.
Makhleb was exalted by your worship.
You were not hungry.

You visited 1 branch You collected 21 gold pieces.

Inventory:

Hand Weapons
 w - a +3 dagger of electrocution (weapon)
Armour
 n - a +0 cloak (worn)
 x - a +2 robe of magic resistance (worn)
Scrolls
 j - a scroll of blinking
 m - 2 scrolls of holy word {unknown}
 o - 2 scrolls of remove curse {unknown}
Potions
 f - a potion of heal wounds
 g - a potion of haste
 h - a potion of magic
 i - a potion of berserk rage
 k - a potion of lignification
 l - 2 potions of mutation
 q - 5 potions of cure mutation
 r - 2 potions of flight
Books
 c - a book of Maledictions

   Spells                             Type                      Level
   a - Corona                         Hexes                        1
   b - Ensorcelled Hibernation        Hexes/Ice                    2
   c - Confuse                        Hexes                        3
   d - Tukima's Dance                 Hexes                        3
   e - Dazzling Spray                 Conjuration/Hexes            3
 s - a book of Minor Magic

   Spells                             Type                      Level
   a - Magic Dart                     Conjuration                  1
   b - Blink                          Translocation                2
   c - Call Imp                       Summoning                    2
   d - Repel Missiles                 Charms/Air                   2
   e - Slow                           Hexes                        2
   f - Conjure Flame                  Conjuration/Fire             3
   g - Mephitic Cloud                 Conjuration/Poison/Air       3
 t - a book of Air

   Spells                             Type                      Level
   a - Shock                          Conjuration/Air              1
   b - Swiftness                      Charms/Air                   2
   c - Repel Missiles                 Charms/Air                   2
   d - Static Discharge               Conjuration/Air              3
   e - Lightning Bolt                 Conjuration/Air              5
Miscellaneous
 v - a phial of floods
Comestibles
 d - a bread ration
 p - 3 royal jellies


   Skills:
 + Level 3.1 Fighting
 + Level 5.4 Short Blades
 + Level 10.6 Dodging
 + Level 19.8 Stealth
 + Level 12.9 Spellcasting
 + Level 13.4 Hexes
 + Level 7.7 Ice Magic


You had 19 spell levels left.
You knew the following spells:

 Your Spells              Type           Power        Failure   Level  Hunger
a - Corona                Hex            ######.      1%          1    None
b - Ensorcelled Hibernat  Hex/Ice        #####.       1%          2    None
c - Tukima's Dance        Hex            ######..     1%          3    None
d - Slow                  Hex            ######..     1%          2    None
e - Confuse               Hex            ######..     1%          3    None
f - Dazzling Spray        Conj/Hex       ####..       1%          3    None
g - Magic Dart            Conj           ##..         10%         1    None


Dungeon Overview and Level Annotations

Branches:
Dungeon (1/1)

Altars:
Cheibriados
Dithmenos
Elyvilon
Fedhas
Gozag
Kikubaaqudgha
Makhleb
Nemelex Xobeh
Okawaru
Pakellas
Qazlal
Ru
Sif Muna
Trog
Vehumet
Xom
Yredelemnul
Zin
The Shining One
Jiyva
Lugonu


Innate Abilities, Weirdness & Mutations

You are tiny and cannot use many weapons and most armour.
You have supernaturally acute eyesight.
You are a herbivore.
You cover ground extremely quickly.
You need consume almost no food.


Message History

The killer bee buzzes angrily.
You feel sick. The killer bee closely misses you.
The killer bee barely misses you.
The killer bee buzzes angrily.
Casting: Ensorcelled Hibernation
Confirm with . or Enter, or press ? or * to list all spells.
Aiming: Ensorcelled Hibernation
Press: ? - help, Shift-Dir - straight line, f - killer bee, p - killer bee
Aim: a killer bee (chance to defeat MR: 76%)
The killer bee is unaffected.
You feel sick.
The killer bee completely misses you. x4
Casting: Ensorcelled Hibernation
Confirm with . or Enter, or press ? or * to list all spells.
Aiming: Ensorcelled Hibernation
Press: ? - help, Shift-Dir - straight line, f - killer bee, p - killer bee
Aim: a killer bee (not susceptible)
The killer bee is unaffected.
The killer bee buzzes angrily.
The killer bee barely misses you. The killer bee stings you.
You die...

######## #__[#__##$$$$#$
#...#†_#..oooo #'###'##$$ooo
.......#.$oo .......#$$$
######'#.$
#__#...#+########################
#__#...#.§§§§§§#@yyyy%y#.#.#yyyyy
#__#...#.#§§§#§#y#y..##.#.#.##%yy
#__#...'.#§§§#§#.#)..#.#.#.#.# yy
#__'...#.#§§§#...#)).##.#.#.## %
▓▓▓▓▓▓▓▓▓▓▓▓▓▓▓▓▓▓▓▓▓#.#.#.#.#
##.#.#.## +.#.#.#.# ##.#.#.##
#+#####


You could see 7 killer bees.

Vanquished Creatures
  Josephine (D)
  A centaur warrior (D)
  2 unseen horrors (D)
  A deep elf mage (D)
  A queen bee (D)
  A shadow (D)
  A spatial vortex (D)
  A necrophage (D)
  2 centaurs (D)
  An earth elemental (D)
  A water elemental (D)
  22 killer bees (D)
  A wizard (D)
  A jelly (D)
  Crazy Yiuf (D)
  A necromancer (D)
  3 humans (D)
  A kobold demonologist (D)
  An ooze (D)
  3 rats (D)
47 creatures vanquished.

Vanquished Creatures (others)
  2 draconian scorchers (D)
  Nessos (D)
  2 yaktaurs (D)
5 creatures vanquished.

Grand Total: 52 creatures vanquished

Notes
Turn   | Place    | Note
--------------------------------------------------------------
     0 | D        | loralnil the Spriggan Enchanter began the quest for the Orb.
     0 | D        | Reached XP level 1. HP: 9/9 MP: 5/5
     9 | D        | Reached skill level 5 in Stealth
    40 | D        | Noticed Crazy Yiuf
    43 | D        | Killed Crazy Yiuf
    43 | D        | Reached skill level 7 in Stealth
    43 | D        | Reached skill level 5 in Hexes
    43 | D        | Reached XP level 2. HP: 13/13 MP: 5/7
    43 | D        | Reached XP level 3. HP: 16/16 MP: 6/9
    84 | D        | Learned a level 2 spell: Ensorcelled Hibernation
   152 | D        | Killed a yaktaur
   258 | D        | Killed a white draconian scorcher
   300 | D        | Killed a white draconian scorcher
   415 | D        | Reached skill level 8 in Stealth
   483 | D        | Killed Nessos
   508 | D        | Noticed a water elemental
   511 | D        | Killed a water elemental
   511 | D        | Reached skill level 5 in Dodging
   511 | D        | Reached skill level 9 in Stealth
   511 | D        | Reached XP level 4. HP: 21/21 MP: 9/11
   530 | D        | Found a radiant altar of Vehumet.
   530 | D        | Found a deep blue altar of Sif Muna.
   530 | D        | Found an ancient bone altar of Kikubaaqudgha.
   530 | D        | Noticed a wizard
   538 | D        | Noticed a smoke demon
   540 | D        | Noticed a sixfirhy
   645 | D        | Killed a yaktaur
   767 | D        | Killed a wizard
   767 | D        | Reached skill level 10 in Stealth
   767 | D        | Reached skill level 5 in Spellcasting
   767 | D        | Reached skill level 1 in Ice Magic
   767 | D        | Reached XP level 5. HP: 25/25 MP: 9/13
   823 | D        | Learned a level 3 spell: Tukima's Dance
   826 | D        | Learned a level 2 spell: Slow
   830 | D        | Learned a level 3 spell: Confuse
   834 | D        | Learned a level 3 spell: Dazzling Spray
   836 | D        | Learned a level 1 spell: Magic Dart
   851 | D        | Found a glowing silver altar of Zin.
   851 | D        | Found a glowing golden altar of the Shining One.
   851 | D        | Found a white marble altar of Elyvilon.
   852 | D        | Noticed a deep elf mage
   854 | D        | Killed a deep elf mage
   854 | D        | Reached skill level 1 in Fighting
   854 | D        | Reached skill level 12 in Stealth
   854 | D        | Reached XP level 6. HP: 30/30 MP: 15/18
   854 | D        | Reached XP level 7. HP: 34/34 MP: 15/19
   881 | D        | Found an iron altar of Okawaru.
   881 | D        | Found a bloodstained altar of Trog.
   881 | D        | Noticed a human
   881 | D        | Noticed a human
   933 | D        | Killed a human
   933 | D        | Reached skill level 13 in Stealth
   933 | D        | Reached skill level 10 in Hexes
  1031 | D        | Killed a human
  1031 | D        | Reached skill level 5 in Ice Magic
  1093 | D        | Found a basalt altar of Yredelemnul.
  1093 | D        | Found a snail-covered altar of Cheibriados.
  1093 | D        | Found a blossoming altar of Fedhas.
  1110 | D        | Noticed a shadow
  1113 | D        | Killed a shadow
  1113 | D        | Reached skill level 14 in Stealth
  1113 | D        | Reached XP level 8. HP: 39/39 MP: 20/22
  1122 | D        | Found an oddly glowing altar of Pakellas.
  1122 | D        | Found a stormy altar of Qazlal.
  1122 | D        | Found a sacrificial altar of Ru.
  1122 | D        | Found a burning altar of Makhleb.
  1122 | D        | Found a shimmering altar of Xom.
  1123 | D        | Found a viscous altar of Jiyva.
  1123 | D        | Found a shadowy altar of Dithmenos.
  1123 | D        | Found a sparkling altar of Nemelex Xobeh.
  1123 | D        | Found a corrupted altar of Lugonu.
  1123 | D        | Found an opulent altar of Gozag.
  1302 | D        | Became a worshipper of Makhleb the Destroyer
  1309 | D        | Reached skill level 10 in Spellcasting
  1327 | D        | Noticed Josephine
  1329 | D        | Killed Josephine
  1329 | D        | Reached skill level 16 in Stealth
  1363 | D        | Noticed a centaur warrior
  1365 | D        | Reached * piety under Makhleb
  1365 | D        | Reached XP level 9. HP: 43/43 MP: 25/25
  1367 | D        | Killed a centaur warrior
  1367 | D        | Reached skill level 17 in Stealth
  1396 | D        | Noticed an unseen horror
  1396 | D        | Noticed an unseen horror
  1397 | D        | Killed an unseen horror
  1397 | D        | Reached ** piety under Makhleb
  1397 | D        | Reached skill level 10 in Dodging
  1397 | D        | Reached skill level 18 in Stealth
  1399 | D        | Killed an unseen horror
  1399 | D        | Reached skill level 5 in Short Blades
  1414 | D        | Reached skill level 19 in Stealth
  1416 | D        | Reached *** piety under Makhleb
  1416 | D        | Reached XP level 10. HP: 48/48 MP: 20/27
  1422 | D        | Reached **** piety under Makhleb
  1572 | D        | Reached ***** piety under Makhleb
  1593 | D        | Reached ****** piety under Makhleb
  1642 | D        | Slain by a killer bee

Skill      XL: |  1  2  3  4  5  6  7  8  9 10 |
---------------+-------------------------------+-----
Stealth        | 7 9 10 12 14 16 19 | 19.8
Spellcasting   | 3 4 5 8 9 11 12 | 12.9
Hexes          | 5 7 9 10 11 12 13 | 13.4
Dodging        | 5 7 8 9 10 | 10.6
Ice Magic      | 1 4 5 6 7 |  7.7
Fighting       | 1 2 3 |  3.1
Short Blades   | 2 3 4 5 |  5.4

Action                   |  1- 3 |  4- 6 |  7- 9 | 10-12 || total
-------------------------+-------+-------+-------+-------++-------
Melee: Dagger            |    24 |     9 |    54 |    37 ||   124
 Cast: Ensorcelled Hiber |     5 |     6 |    12 |    33 ||    56
       Corona            |     1 |       |       |       ||     1
       Tukima's Dance    |       |       |     2 |       ||     2
       Dazzling Spray    |       |       |     1 |       ||     1
  Use: Scroll            |     3 |       |       |       ||     3
       Potion            |       |       |       |     2 ||     2
 Stab: Sleeping          |     7 |     3 |    15 |    19 ||    44
Armor: Robe              |       |       |     1 |     4 ||     5
Dodge: Dodged            |    19 |    10 |    26 |    75 ||   130
